 Dungeon Crawl Stone Soup version 0.26-a0-649-gf8c6c3aab7 (webtiles) character file.

Game seed: 17405623950948978406

374 djmy96 the Sneak (level 6, -9/34 HPs)
             Began as a Vampire Enchanter on Sept 27, 2020.
             Mangled by Menkaure (11 damage)
             ... on level 4 of the Dungeon.
             The game lasted 00:15:22 (4425 turns).

djmy96 the Sneak (Vampire Enchanter)                Turns: 4425, Time: 00:15:23

Health: -9/34      AC:  6    Str: 13    XL:     6   Next: 43%
Magic:  8/10       EV: 13    Int: 25    God:
Gold:   187        SH:  0    Dex: 15    Spells: 2/11 levels left

rFire    . . .     SeeInvis +   a - +1 dagger
rCold    + + .     Faith    .   (no shield)
rNeg     + + +     Spirit   .   b - +0 robe
rPois    ∞         Reflect  .   s - +1 helmet
rElec    .         Harm     .   (no cloak)
rCorr    .         Rampage  .   (no gloves)
MR       .....                  h - +1 pair of boots
Stlth    ++++++....             (no amulet)
HPRegen  0.00/turn              n - +6 ring of strength
MPRegen  0.12/turn              p - +6 ring of intelligence

@: bloodless
A: fangs 3, see invisible, unbreathing
a: Bat Form, Revivify


You were on level 4 of the Dungeon.
You visited 1 branch of the dungeon, and saw 4 of its levels.

You collected 187 gold pieces.

Inventory:

Hand Weapons
 a - a +1 dagger (weapon)
Missiles
 r - a throwing net (quivered)
 v - 4 boomerangs
 w - 15 poisoned darts
Armour
 b - a +0 robe (worn)
 h - a +1 pair of boots (worn)
 q - a +0 buckler
 s - a +1 helmet (worn)
Jewellery
 n - a +6 ring of strength (left hand)
 p - a +6 ring of intelligence (right hand)
 x - an uncursed ring of flight {unknown}
Wands
 o - a wand of digging (6)
Scrolls
 d - a scroll of magic mapping {unknown}
 e - a scroll of enchant weapon {unknown}
 j - 6 scrolls of identify {unknown}
 l - 4 scrolls of teleportation {unknown}
 t - 2 scrolls of remove curse {unknown}
Potions
 c - a potion of flight {unknown}
 f - a potion of invisibility {unknown}
 g - 2 potions of might {unknown}
 i - a potion of resistance {unknown}
 k - 2 potions of lignification {unknown}
 m - a potion of magic {unknown}
 u - a potion of cancellation {unknown}


   Skills:
 + Level 1.0 Fighting
 + Level 2.9 Short Blades
 + Level 3.3 Dodging
 + Level 7.0 Stealth
 + Level 3.2 Spellcasting
 + Level 6.2 Hexes


You had 2 spell levels left.
You knew the following spells:

 Your Spells              Type           Power        Failure   Level
a - Corona                Hex            #####..      1%          1
b - Ensorcelled Hibernat  Hex/Ice        ###...       4%          2
c - Confusing Touch       Hex            #####...     2%          3
d - Tukima's Dance        Hex            #####...     2%          3

Your spell library contained the following spells:

 Spells                   Type           Power        Failure   Level
 Dazzling Flash           Conj/Hex       ###...       9%          3


Dungeon Overview and Level Annotations

Branches:
Dungeon (4/15)
 Temple: D:4-7

Altars:
Yredelemnul

Annotations:
D:4 Menkaure


Innate Abilities, Weirdness & Mutations

You do not regenerate when monsters are visible.
You are frail without blood (-20% HP).
You can heal yourself when you bite living creatures.
You are immune to poison.
You have razor-sharp teeth.
You have supernaturally acute eyesight. (SInv)
You can survive without breathing.


Message History

You hit Menkaure but do no damage. You bite Menkaure, but do no damage.
You hit Menkaure but do no damage. Menkaure hits you!
You hit Menkaure but do no damage. Menkaure closely misses you.
You hit Menkaure but do no damage. Menkaure hits you.
You hit Menkaure but do no damage. Your bite misses Menkaure.
You hit Menkaure but do no damage. Menkaure hits you!
You hit Menkaure but do no damage.
Menkaure appears confused.
Menkaure hits you!
* * * LOW HITPOINT WARNING * * *
You hit Menkaure.
Menkaure is lightly damaged.
You hit Menkaure but do no damage. You bite Menkaure, but do no damage.
Menkaure is lightly damaged.
You hit Menkaure.
Menkaure is lightly damaged.
You strike the helpless Menkaure from behind!
You puncture Menkaure!
Menkaure is severely damaged.
Menkaure hits you!
You die... #.###...$ #.# (8Z

##. #. #.# .M ###... ##
#.##†# . ..... .#
#.##.# #... .## #.##.##
###.####.##.#.##..##.#
#.#
#......#.##.#.#.Z....##
#.# #.#.#.#@M#
#..#.###...## #.#
#.#..###..###...# .....
#.# #.#.##
#..#.>#.###...#. #.#
#..## #..#.#..†...##
#.# #.#.#
#.###.##..##... #.#
#.##.###.###...)..##
##.#######.#
#.#......Z.....#
...........#
#.#####......##
...######### ##
##Z##......


You could see Menkaure (confused).

Vanquished Creatures
  A lemure (D:3)
  A scorpion (D:4)
  A howler monkey (D:4)
  A hound (D:4)
  Terence (D:2)
  A worker ant zombie (D:4)
  Robin (D:2)
  6 gnolls
  4 adders
  2 oozes (D:2)
  4 adder skeletons (D:4)
  4 worms
  A leopard gecko (D:2)
  An orc (D:4)
  11 bats
  6 giant cockroaches
  15 goblins
  10 hobgoblins
  2 kobolds
  2 quokkas
  3 frilled lizards
  A leopard gecko skeleton (D:4)
  12 rats
  A spectral orc (D:2)
92 creatures vanquished.

Vanquished Creatures (collateral kills)
  A gnoll (D:3)
  2 orcs (D:4)
3 creatures vanquished.

Vanquished Creatures (others)
  A dancing weapon (D:3)
1 creature vanquished.

Grand Total: 96 creatures vanquished

Notes
Turn   | Place    | Note
-------+----------+-------------------------------------------
     0 | D:1      | djmy96 the Vampire Enchanter began the quest for the Orb.
     0 | D:1      | Reached XP level 1. HP: 13/13 MP: 3/3
   277 | D:1      | Reached XP level 2. HP: 15/15 MP: 5/5
   281 | D:1      | Learned a level 2 spell: Ensorcelled Hibernation
   321 | D:1      | Reached skill level 5 in Stealth
   816 | D:1      | Reached skill level 5 in Hexes
  1046 | D:2      | Reached XP level 3. HP: 19/19 MP: 6/6
  1127 | D:2      | Learned a level 3 spell: Confusing Touch
  1171 | D:2      | Noticed Terence
  1182 | D:2      | Killed Terence
  1252 | D:2      | Reached XP level 4. HP: 20/24 MP: 4/7
  1535 | D:2      | Found a faded altar of an unknown god.
  1715 | D:2      | Found a basalt altar of Yredelemnul.
  1972 | D:2      | Reached skill level 6 in Stealth
  2165 | D:2      | Noticed Robin
  2543 | D:2      | Killed Robin
  2643 | D:2      | Reached XP level 5. HP: 28/28 MP: 5/9
  2651 | D:2      | Learned a level 3 spell: Tukima's Dance
  3089 | D:3      | You fall into a shaft and drop 1 floor!
  3803 | D:4      | Reached XP level 6. HP: 29/33 MP: 6/10
  3846 | D:4      | Noticed Menkaure
  3930 | D:4      | Reached skill level 7 in Stealth
  3970 | D:4      | Noticed Pikel
  4065 | D:4      | Reached skill level 1 in Fighting
  4425 | D:4      | Mangled by Menkaure

Illustrated notes

Levels and vault maps discovered:
D:1:      minmay_arrival_checkered_box, layout_basic
D:2:      layout_loops_corners, yredelemnul_forgotten_temple_becter,
          chequers_ecumenical_altar_twisty, uniq_robin, uniq_terence
D:3:      layout_basic
D:4:      layout_loops_ring, nemelex_xobeh_ov_fountains_minmay,
          nicolae_overflow_crystal_walls, serial_undead, serial_undead_d,
          serial_undead_d, serial_undead_f, serial_undead_a,
          uniq_crazy_yiuf_cottage, uniq_pikel, uniq_menkaure

Skill      XL: |  1  2  3  4  5  6 |
---------------+-------------------+-----
Stealth        | 5 6 7 |  7.0
Hexes          | 5 6 |  6.2
Short Blades   | 2 |  2.9
Dodging        | 3 |  3.3
Spellcasting   | 3 |  3.2
Fighting       | 1 |  1.0

Action                   |  1- 3 |  4- 6 || total
-------------------------+-------+-------++-------
Melee: Dagger            |   103 |   245 ||   348
       Bite              |    11 |    36 ||    47
 Cast: Corona            |    13 |     2 ||    15
       Ensorcelled Hiber |     4 |     6 ||    10
       Confusing Touch   |     3 |    35 ||    38
       Tukima's Dance    |       |     8 ||     8
 Abil: Exsanguinate      |     1 |       ||     1
 Stab: Sleeping          |    12 |    14 ||    26
       Confused          |     2 |    19 ||    21
       Distracted        |       |     1 ||     1
Armor: Robe              |    33 |    31 ||    64
Dodge: Dodged            |    80 |   105 ||   185

Table legend: (Time is in decaauts)
 A = Elapsed time spent in this place.
 B = Non-inter-level travel time spent in this place.
 C = Inter-level travel time spent in this place.
 D = Time resting spent in this place.
 E = Time spent auto-exploring this place.
 F = Levels seen in this place.
 G = Mean time per level.
                   A        B        C        D        E       F      G
               +--------+--------+--------+--------+--------+-----+--------+
         Total |   4394 |   4231 |    163 |    238 |   2828 |   4 | 1098.5 |
       Dungeon |   4394 |   4231 |    163 |    238 |   2828 |   4 | 1098.5 |
               +--------+--------+--------+--------+--------+-----+--------+

Top non-repeatable levels by time:
     D:2: 1623 daAuts
     D:1: 1190 daAuts
     D:3: 997 daAuts
     D:4: 583 daAuts
